AoeStats
← 陟遐自迩

African Clearing

506121204Analyzed
4v4 RM · 20d ago on Sep 12, 2026· 41m 17s· 8 players
Game mode
Random Map
Map size
Large (8 player)
Population
200
Speed
Normal
Resources
Standard
Victory
Conquest
Starting age
Dark Age
Ending age
Imperial Age
RankedLock teamsTeams togetherTeam positionsShared explorationLock speedFull tech treeHidden civsTurbo modeCheats
Victory
Defeat
🇻🇳 Huns · Vietnam
1270
+11
🇹🇼 Spanish · Taiwan
1239
+13
🇯🇵 Vietnamese · Japan
1173
+15
🇹🇼 Mongols · Taiwan
1140
+18
🇨🇳 Khmer · China
1187
-15
🇦🇺 Wu · Australia
1178
-15
🇹🇼 Spanish · Taiwan
1156
-14
🇩🇪 Muisca · Germany
1125
-13
Vanilla Gorilla
3:35 Loom
15:30 Feudal Age
16:37 Double-Bit Axe
19:52 Castle Age
17:38 Horse Collar
18:32 Scale Mail Armor
20:47 Bow Saw
23:20 Chain Mail Armor
24:12 Fletching
28:19 Bodkin Arrow
33:03 Wheelbarrow
32:33 Heavy Plow
36:02 Hand Cart
36:50 Gold Mining
41:22 Imperial Age
39:21 Ballistics
40:07 Gold Shaft Mining
40:37 Padded Archer Armor
39:59 Pikeman
Vtinglove
4:26 Loom
16:44 Feudal Age
20:23 Castle Age
18:44 Double-Bit Axe
19:52 Horse Collar
20:16 Town Watch
32:06 Bow Saw
40:36 Wheelbarrow
Stephan
15:04 Feudal Age
16:38 Double-Bit Axe
18:58 Castle Age
17:53 Gold Mining
18:37 Stone Mining
19:36 Loom
20:19 Bow Saw
21:52 Wheelbarrow
22:53 Horse Collar
36:00 Bloodlines
35:50 Husbandry
40:41 Imperial Age
陟遐自迩
4:10 Loom
16:53 Feudal Age
18:26 Horse Collar
18:34 Double-Bit Axe
26:12 Castle Age
24:05 Stone Mining
24:08 Gold Mining
25:08 Forging
24:58 Scale Mail Armor
27:09 Wheelbarrow
29:06 Iron Casting
28:46 Chain Mail Armor
28:47 Bow Saw
34:03 Heavy Plow
35:13 Gold Shaft Mining
35:21 Stone Shaft Mining
38:40 Imperial Age
37:20 Town Watch
38:08 Hand Cart
39:06 Squires
38:31 Champi Runner
39:14 Elite Temple Guard
41:26 Plate Mail Armor
41:21 Conscription
牛来
8:37 Loom
8:43 Loom
14:11 Feudal Age
18:37 Castle Age
16:51 Double-Bit Axe
17:28 Stone Mining
18:38 Town Watch
19:39 Bow Saw
20:01 Gold Mining
36:42 Sanctity
36:27 Fletching
40:13 Bodkin Arrow
41:57 Wheelbarrow
FT
11:02 Loom
13:13 Feudal Age
17:21 Castle Age
15:26 Double-Bit Axe
17:20 Stone Mining
17:19 Horse Collar
22:33 Padded Archer Armor
29:54 Wheelbarrow
30:55 Leather Archer Armor
33:47 Bow Saw
33:38 Heavy Plow
33:29 Gold Mining
38:09 Imperial Age
35:26 Town Watch
36:12 Bloodlines
36:54 Husbandry
37:00 Scale Barding Armor
37:38 Forging
39:08 Chain Barding Armor
39:19 Conscription
38:21 Cavalier
40:45 Iron Casting
40:47 Plate Barding Armor
41:50 Iron Casting
41:46 Ring Archer Armor
42:15 Ring Archer Armor
越南王力宏
7:01 Loom
13:41 Feudal Age
14:12 Double-Bit Axe
18:09 Forging
19:39 Bloodlines
20:01 Scale Barding Armor
27:51 Castle Age
29:06 Chain Barding Armor
36:41 Town Watch
39:30 Bow Saw
39:02 Horse Collar
40:32 Iron Casting
44:19 Imperial Age
poppypon
15:06 Feudal Age
15:41 Double-Bit Axe
19:11 Castle Age
18:18 Stone Mining
20:33 Bow Saw
24:40 Horse Collar
28:12 Wheelbarrow
28:21 Gold Mining
34:09 Imperial Age
32:17 Stone Shaft Mining
32:20 Gold Shaft Mining
32:29 Bloodlines
32:20 Husbandry
32:58 Hand Cart
33:13 Heavy Plow
34:07 Forging
34:02 Scale Barding Armor
33:55 Fletching
34:17 Scale Barding Armor
34:34 Bodkin Arrow
34:42 Nomads
34:04 Light Cavalry
34:40 Town Watch
35:23 Ballistics
36:03 Chemistry
35:31 Hussar
36:33 Conscription
36:10 Loom
36:18 Elite Mangudai
37:04 Bracer
37:35 Chain Barding Armor
37:01 Capped Ram
38:10 Drill
37:55 Murder Holes
38:39 Town Patrol
39:19 Iron Casting
38:35 Siege Ram
Connection lost

Rejoining the realm…

Still unreachable

The connection could not be restored.

Session expired

The server has moved on; the page needs a fresh start.